 Dungeon Crawl Stone Soup version 0.17-a0-2069-g0f4ee5b (webtiles) character file.

2562 4thArraOfDagon the Martial Artist (level 9, -1/75 HPs)
             Began as a White Draconian Assassin on Oct 13, 2015.
             Was a Believer of Cheibriados (penitent).
             Slain by a troll (13 damage)
             ... on level 9 of the Dungeon.
             The game lasted 00:15:10 (2304 turns).

4thArraOfDagon the Martial Artist (DrAs)            Turns: 2304, Time: 00:15:10

Health: -1/75      AC:  9    Str: 13    XL:     9   Next: 31%
Magic:  11/13      EV: 15    Int: 18    God:    Cheibriados [*]
Gold:   8          SH:  0    Dex: 16    Spells: 0 memorised, 8 levels left

rFire  x . .     SeeInvis .       - Unarmed
rCold  + . .     Clarity  +     (armour unavailable)
rNeg   . . .     SustAt   +     (no shield)
rPois  .         Gourm    .     (helmet restricted)
rElec  +         Spirit   .     w - +0 cloak of Plog {rElec rF- Int+4 Dex+2}
rCorr  .         Warding  .     (no gloves)
rMut   .         Stasis   .     q - +0 pair of boots (curse)
MR     .....                    (no amulet)
Stlth  +++.......               j - ring of sustain attributes
                                i - ring of stealth

@: short of breath, very slightly contaminated, hasted, quick, not resistant to
hostile enchantments, fairly stealthy
A: breathe frost, unfitting armour, hooves 1, clarity, cold resistance 1,
mutation resistance 1, cold-blooded, AC +7
a: Breathe Frost, Renounce Religion


You were on level 9 of the Dungeon.
You worshipped Cheibriados.
Cheibriados was demanding penance.
You were hungry.

You visited 2 branches of the dungeon, and saw 10 of its levels.

You collected 140 gold pieces.
You spent 132 gold pieces at shops.

Inventory:

Hand Weapons
 a - a +2 dagger of flaming
 b - a +0 blowgun
Armour
 c - a +0 cloak
 q - a cursed +0 pair of boots (worn)
 w - the +0 cloak of Plog (worn) {rElec rF- Int+4 Dex+2}
   (You acquired it on level 7 of the Dungeon)

   It affects your intelligence (+4).
   It affects your dexterity (+2).
   It makes you vulnerable to fire.
   It insulates you from electricity.
Jewellery
 i - a ring of stealth (left hand)
 j - a ring of sustain attributes (right hand)
 l - an uncursed ring of wizardry
Wands
 h - a wand of flame (15)
 r - a wand of magic darts (9)
Scrolls
 m - a scroll of magic mapping
 y - a scroll of teleportation
Potions
 k - a potion of flight
Miscellaneous
 e - a fan of gales (inert)
Comestibles
 f - 3 bread rations
 o - a fruit
 p - a meat ration
 x - a slice of pizza


   Skills:
 + Level 6.3 Fighting
 - Level 2.0 Short Blades
 - Level 1.7 Throwing
 + Level 5.1 Dodging
 - Level 3.6 Stealth
 * Level 8.0 Unarmed Combat
 + Level 5.5 Invocations
 + Level 2.1 Evocations


You had 8 spell levels left.
You didn't know any spells.

Dungeon Overview and Level Annotations

Branches:
Dungeon (9/15)             Temple (1/1) D:7
   Lair: D:8-11         Orc: D:9-12

Altars:
Ashenzari
Cheibriados
Fedhas
Gozag
Nemelex Xobeh
Sif Muna
Vehumet
Xom
Yredelemnul
Zin
The Shining One

Shops:
D:8 !*

Annotations:
D:7 Dowan, Duvessa


Innate Abilities, Weirdness & Mutations

You can breathe waves of freezing cold.
You can buffet flying creatures when you breathe cold.
Your icy white scales are hard (AC +7).
Your body does not fit into most forms of armour.
Your flesh is cold resistant.
You are cold-blooded and may be slowed by cold attacks.
You have large cloven feet.
You possess an exceptional clarity of mind.
You are somewhat resistant to further mutation.


Message History

The troll is severely wounded.
Unknown command.
Unknown command.
You hit the troll but do no damage.
The troll is severely wounded.
The troll bites you but does no damage. The troll misses you.
The troll claws you but does no damage.
Unknown command.
Unknown command.
Unknown command.
You hit the troll.
The troll is severely wounded.
Unknown command.
Unknown command.
Unknown command.
Evoke which item? (* to show all) (? for menu, Esc to quit)
Okay, then.
Drink which item? (? for menu, Esc to quit)
You feel better. The troll bites you!
You die...

,,,,,,,,*,*
***########'##
*******+*** #.#
,,,,,,,,* ##.#
*******##### #..#
,,,*,,,#...######
#.## ***
,*,*,**#.#(.....#
#.# *,,
,*,,,*...#.####.#
#.# *,,
****,#.###.# #.##
#.# *,,
,,,,,#.#...#
#.@######)#######,,
****,#,#.#.#
##.T...))[......+,,
,,,*,*...#.#
#######(########,.
*#.#######.# #.#
*,, ,#.........#
#(# **+
*######.####
######'##### *, #.#
#..........# ** #.#
#>.........# #.#
#......(...#


You could see a troll.

Vanquished Creatures
  Pikel (D:9)
  A centaur zombie (D:9)
  A wyvern (D:8)
  A water moccasin (D:8)
  2 ogres
  2 sky beasts (D:7)
  2 necrophages
  An ice beast (D:8)
  A centaur (D:7)
  7 killer bees
  2 crimson imps (D:7)
  A hound (D:7)
  An orc priest (D:9)
  A giant frog skeleton (D:7)
  2 iguanas
  2 worker ants (D:8)
  3 adders
  A worker ant zombie (D:9)
  3 shadow imps
  An ooze (D:1)
  An adder zombie (D:7)
  2 giant geckos
  7 orcs (D:9)
  6 giant cockroaches
  3 goblins (D:1)
  3 hobgoblins
  A quokka (D:7)
  3 bats (D:1)
  A giant newt (D:1)
  4 kobolds
  A quokka zombie (D:7)
  4 rats
72 creatures vanquished.

Vanquished Creatures (collateral kills)
  An orc warrior (D:9)
  A wasp (D:9)
  2 orc priests (D:9)
  An orc (D:9)
5 creatures vanquished.

Vanquished Creatures (others)
  4 slaves (D:9)
  A hound skeleton (D:9)
  An adder (D:9)
6 creatures vanquished.

Grand Total: 83 creatures vanquished

Notes
Turn   | Place    | Note
--------------------------------------------------------------
     0 | D:1      | 4thArraOfDagon the Draconian Assassin began the quest for the Orb.
     0 | D:1      | Reached XP level 1. HP: 17/17 MP: 1/1
    21 | D:1      | Reached skill level 1 in Dodging
    57 | D:1      | Reached skill level 1 in Unarmed Combat
    81 | D:1      | Reached XP level 2. HP: 18/24 MP: 2/2
   297 | D:2      | Found a blossoming altar of Fedhas.
   340 | D:4      | Reached XP level 3. HP: 30/30 MP: 3/3
   372 | D:5      | Entered Level 5 of the Dungeon
   401 | D:5      | Noticed a phantom
   478 | D:6      | Reached XP level 4. HP: 37/37 MP: 4/4
   618 | D:7      | Noticed a centaur
   636 | D:7      | Noticed an orc warrior
   655 | D:7      | Noticed Duvessa
   655 | D:7      | Noticed Dowan
   675 | D:7      | Noticed a hungry ghost
   676 | D:7      | Noticed a necrophage
   681 | D:7      | Noticed a sky beast
   707 | D:7      | Found a staircase to the Ecumenical Temple.
   727 | Temple   | Entered the Ecumenical Temple
   781 | Temple   | Became a worshipper of Cheibriados the Contemplative
   862 | D:8      | Noticed a necrophage
   867 | D:8      | Killed a necrophage
   867 | D:8      | Reached skill level 1 in Invocations
   867 | D:8      | Reached XP level 5. HP: 17/45 MP: 5/5
   870 | D:8      | Found Febip's Serpentskin Sales.
   870 | D:8      | Noticed a water moccasin
   882 | D:8      | Killed a water moccasin
   882 | D:8      | Reached XP level 6. HP: 32/52 MP: 5/7
   954 | D:8      | Noticed an ogre
   964 | D:8      | Killed an ogre
   964 | D:8      | Reached skill level 4 in Unarmed Combat
   974 | D:8      | Noticed a water moccasin
  1017 | D:8      | Noticed a wolf
  1045 | D:7      | Noticed a sky beast
  1060 | D:7      | Killed a sky beast
  1109 | D:7      | Identified a scroll of acquirement
  1110 | D:7      | Got a polished cloak
  1121 | D:7      | Identified the +0 cloak of Plog {rElec rF- Int+4 Dex+2} (You acquired it on level 7 of the Dungeon)
  1126 | D:7      | :/
  1183 | D:7      | Gained mutation: You have large cloven feet. [mutagenic meat]
  1184 | D:7      | Gained mutation: You are somewhat resistant to further mutation. [mutagenic meat]
  1186 | D:7      | Gained mutation: You possess an exceptional clarity of mind. [mutagenic meat]
  1237 | D:7      | Killed a sky beast
  1237 | D:7      | Your scales start taking on an icy white colour.
  1237 | D:7      | Gained mutation: Your flesh is cold resistant. [White Draconian growth]
  1237 | D:7      | Reached XP level 7. HP: 50/60 MP: 7/9
  1274 | D:7      | Killed a necrophage
  1274 | D:7      | Reached skill level 5 in Unarmed Combat
  1347 | D:6      | You fall through a shaft for 3 floors!
  1374 | D:9      | Reached * piety under Cheibriados
  1392 | D:9      | Noticed Pikel
  1392 | D:9      | Noticed a troll
  1393 | D:9      | :(
  1419 | D:9      | Killed Pikel
  1419 | D:9      | Reached skill level 5 in Fighting
  1419 | D:9      | Reached skill level 6 in Unarmed Combat
  1419 | D:9      | Reached XP level 8. HP: 41/69 MP: 9/11
  1530 | D:9      | Reached skill level 7 in Unarmed Combat
  1664 | D:8      | Found Zefig's Distillery.
  1694 | D:8      | Bought a potion of curing for 33 gold pieces
  1694 | D:8      | Bought a potion of poison for 11 gold pieces
  1694 | D:8      | Bought a potion of invisibility for 88 gold pieces
  1741 | D:7      | Reached ** piety under Cheibriados
  1754 | D:7      | Killed a centaur
  1754 | D:7      | Reached skill level 5 in Invocations
  1754 | D:7      | Reached skill level 1 in Evocations
  1780 | D:7      | Found a shimmering altar of Xom.
  1837 | D:7      | Reached XP level 9. HP: 47/75 MP: 12/12
  1880 | D:8      | Noticed an ice beast
  1888 | D:8      | Killed an ice beast
  1968 | D:8      | Noticed a wyvern
  1982 | D:8      | HP: 1/75 [wyvern (19)]
  1983 | D:8      | Killed a wyvern
  1983 | D:8      | Reached skill level 5 in Dodging
  2255 | D:9      | Noticed a centaur zombie
  2285 | D:9      | Killed a centaur zombie
  2285 | D:9      | Reached skill level 8 in Unarmed Combat
  2296 | D:9      | Was placed under penance by Cheibriados
  2298 | D:9      | HP: 1/75 [troll (15)]
  2304 | D:9      | Slain by a troll

Vault maps used:
D:1:      saegor_arrival_simple_e
D:2:      overflow_temple_1_default, lemuel_round_altar, nrook_uturn,
          mrwooster_statue_mirror, grunt_ministairs_10, nrook_mini_vaults
D:4:      kennysheep_six_static_rooms, nicolae_overflow_crystal_walls,
          portal_sewer_entry_e
D:5:      lemuel_coloured_pillars_altar, first_bread
D:6:      kennysheep_boxes
D:7:      kennysheep_little_box, minmay_temple_entry_junction, uniq_duvessa
D:8:      kennysheep_mini, serial_shops, nicolae_shop_window_shopping,
          hex_intersection, guppyfry_shop_venom, uniq_grum
D:9:      grunt_temple_overflow_diamond, uniq_pikel
Temple:   chambers_temple_10

Action                   |  1- 3 |  4- 6 |  7- 9 || total
-------------------------+-------+-------+-------++-------
Melee: Dagger            |    72 |    62 |   188 ||   322
       Unarmed           |       |       |     9 ||     9
 Fire: Blowgun           |     5 |    18 |    27 ||    50
Invok: Bend Time         |       |       |     1 ||     1
 Abil: Breathe Frost     |       |       |    10 ||    10
Evoke: Fan of gales      |       |       |     1 ||     1
       Wand              |       |       |     1 ||     1
  Use: Scroll            |       |     5 |     4 ||     9
       Potion            |       |     2 |     7 ||     9
 Stab: Sleeping          |    10 |     7 |     1 ||    18
       Paralysed         |       |     1 |     3 ||     4
       Invisible         |       |       |     3 ||     3
  Eat: Fruit             |       |     1 |     2 ||     3
       Chunk             |       |     6 |     8 ||    14
